cohdb
Replays
Latest Replays
All Replays
Popular Replays
Top Player Replays
Match Explorer
How It Works
Community
CoH3 Stats
Reddit
Sign in to upload your games and track your stats! →
Sign in with Steam
Match 40691338
Unlisted
Match 40691338
Overview
Messages
Build Orders
End
Selects Terror Battlegroup
Selects Machine Gun Camouflage
Pioneer Squad
Construct Infanterie Kompanie
Grenadier Squad
MG 42 Machine Gun Team
GrW 34 Mortar Team
Grenadier Squad
Construct Panzergrenadier Kompanie
Selects Contempt for the Weak
251 Medium Carrier
Panzergrenadier Squad
Support Elements
Medical Bunker
StuG III G Assault Gun
Selects Defend the Fatherland
Nebelwerfer 42 Rocket Launcher Team
Panzergrenadier Squad
Pak 40 Anti-tank Gun Team
Construct Panzer Kompanie
Sturmpanzer IV Brummbär
Side Skirts
Stoßtruppen Squad
Selects King Tiger Heavy Tank
Grenadier Squad
Goodvyn
Ignatius
0
0
Comments
sign in to comment!
No comments posted yet!